 Dungeon Crawl Stone Soup version 0.22.1-1-ga44c0e5 (webtiles) character file.

543 Monsterracer the Ruffian (level 7, -3/85 HPs)
             Began as a Centaur Assassin on Sept 28, 2018.
             Slain by an orc warrior
             ... wielding a +0 mace
              (12 damage)
             ... on level 6 of the Dungeon.
             The game lasted 00:08:12 (7537 turns).

Monsterracer the Ruffian (Centaur Assassin)         Turns: 7537, Time: 00:08:13

Health: -3/85      AC:  7    Str: 21    XL:     7   Next: 6%
Magic:  7/7        EV:  9    Int: 10    God:    Xom [..*...]
Gold:   278        SH:  4    Dex: 10    Spells: 6/6 levels left

rFire    . . .     SeeInvis .     - Unarmed
rCold    . . .     Gourm    .   b - +0 buckler
rNeg     . . .     Faith    .   g - +0 robe
rPois    .         Spirit   .   (no helmet)
rElec    .         Reflect  .   d - +2 cloak
rCorr    .         Harm     .   (no gloves)
MR       .....                  (no barding)
Stlth    ..........             (no amulet)
HPRegen  0.24/turn              (no ring)
MPRegen  0.10/turn              (no ring)

@: berserking, hasted, very quick
A: large, hooves 3, deformed body, speed 2, tough skin 3
a: Renounce Religion


You were on level 6 of the Dungeon.
You worshipped Xom.
You were a toy of Xom.
You were not hungry.

You visited 2 branches of the dungeon, and saw 7 of its levels.

You collected 278 gold pieces.

Inventory:

Armour
 b - a +0 buckler (worn)
 d - a +2 cloak (worn)
 g - a +0 robe (worn)
Scrolls
 a - 3 scrolls of teleportation {!r}
 h - 2 scrolls of magic mapping {!r}
Potions
 e - 2 potions of haste
 f - a potion of resistance {unknown}
Comestibles
 c - 2 rations


   Skills:
 + Level 3.5 Fighting
   Level 1.7 Short Blades
 - Level 2.1 Throwing
 - Level 0.6 Dodging
 - Level 2.4 Stealth
 + Level 1.9 Shields
 * Level 6.1 Unarmed Combat


You had 6 spell levels left.
You didn't know any spells.
Your spell library was empty.

Dungeon Overview and Level Annotations

Branches:
Dungeon (6/15)             Temple (1/1) D:5

Altars:
Ashenzari
Cheibriados
Dithmenos
Elyvilon
Fedhas
Gozag
Hepliaklqana
Kikubaaqudgha
Makhleb
Nemelex Xobeh
Okawaru
Qazlal
Ru
Trog
Uskayaw
Vehumet
Wu Jian
Xom
Zin
The Shining One

Annotations:
D:2 exclusion: scorpion
D:4 Grinder


Innate Abilities, Weirdness & Mutations

You have hooves in place of feet.
Armour fits poorly on your strangely shaped body.
You cover ground very quickly.
You have extremely tough skin. (AC +3)


Message History

Found 21 stones.
No target in view!
Xom almost notices you.
Your hooves feel warm.
No target in view!
No target in view!
You pick your way through the web.
There is a web here.
Done exploring.
Done exploring.
Done exploring.
There is an escape hatch in the floor here.
Really go through this one-way escape hatch?
There is a stone staircase leading down here.
You climb downwards.
A scorpion, 2 orcs, an orc warrior and an orc priest come into view.
The orc shouts!
Found a scale mail, a ration and 18 poisoned needles.
There is a stone staircase leading up here.
There are monsters nearby!
The orc warrior shouts!
The orc priest shouts!
The orc shouts!
You hear a shout!
You hear a bark!
An orc comes into view. It is wielding a flail.
The orc warrior hits you from afar with a glaive!!
You take 18 damage, and have 33/51 hp.
MASSIVE DAMAGE!!
You climb upwards.
There is a stone staircase leading down here.
You hit the orc priest. Your kick misses the orc priest.
The orc priest is lightly wounded.
The orc priest calls down the wrath of Beogh upon you.
Pain shoots through your body!
The scorpion stings you but does no damage.
The orc barely misses you.
You take 6 damage, and have 28/51 hp.
You hit the orc priest. You kick the orc priest!
The orc priest is almost dead.
The orc priest hits you with a flail.
* * * LOW HITPOINT WARNING * * *
The scorpion completely misses you. The orc hits you with a flail!
* * * LOW HITPOINT WARNING * * *
You take 14 damage, and have 14/51 hp.
MASSIVE DAMAGE!!
Unknown command.
The scorpion stings you.
* * * LOW HITPOINT WARNING * * *
The orc priest barely misses you. The orc closely misses you.
You take 4 damage, and have 10/51 hp.
You barely miss the orc priest. You kick the orc priest.
You kill the orc priest!
Your Unarmed Combat skill increases to level 6!
You have reached level 7!
The scorpion stings you but does no damage.
You regained 2 hp, and now have 12/57 hp.
MP restored: 7 Unknown command.
There is a stone staircase leading up here.
There is a stone staircase leading down here.
You start resting.
The orc is too close now for your liking.
You climb downwards. 2 orcs, an orc warrior, an orc priest and an orc wizard come into view.
The orc warrior shouts!
The orc priest shouts!
The orc shouts! x2
The orc wizard shouts!
The orc warrior hits you with a mace!
* * * LOW HITPOINT WARNING * * *
There is a stone staircase leading up here.
You take 7 damage, and have 10/57 hp.
Unknown command.
Okay, then.
It was a potion of haste.
You feel yourself speed up.
Xom roars with laughter!
Xom smiles on you.
A red film seems to cover your vision as you go berserk!
You feel yourself moving faster!
You feel mighty! The orc wizard closely misses you.
The orc priest looks encouraged for a moment.
You block the orc warrior's attack.
You now have 15/85 hp.
You closely miss the orc wizard.
The orc wizard points at you and mumbles some strange words.
You resist with some effort.
You punch the orc wizard! You kick the orc wizard.
You kill the orc wizard!
The orc warrior misses you.
You closely miss the orc warrior. You barely miss the orc warrior.
The orc warrior hits you but does no damage.
You punch the orc warrior!
You kick the orc warrior, but do no damage.
The orc warrior is moderately wounded.
You closely miss the orc warrior. You kick the orc warrior!
The orc warrior is heavily wounded.
The orc warrior hits you with a mace!
* * * LOW HITPOINT WARNING * * *
You take 6 damage, and have 9/85 hp.
You hit the orc warrior.
The orc warrior is severely wounded.
You barely miss the orc warrior. Your kick misses the orc warrior.
The orc warrior is severely wounded.
The orc warrior hits you with a mace!
You die...
Xom howls with laughter!

##########
#...)@ooo#
#.######o....
... .


You could see an orc warrior, an orc priest and 2 orcs.

Vanquished Creatures
  Edmund (D:3)
  A howler monkey (D:4)
  A hound (D:5)
  A jelly (D:5)
  2 orc priests
  3 orc wizards
  2 worker ants (D:4)
  5 adders
  A shadow imp (D:5)
  An ooze (D:3)
  2 worms
  2 dart slugs
  A leopard gecko (D:3)
  11 orcs
  2 ball pythons
  5 giant cockroaches
  5 goblins
  6 hobgoblins
  2 jackals (D:3)
  8 kobolds
  3 bats
  3 frilled lizards
  A quokka skeleton (D:4)
  3 rats
72 creatures vanquished.

Notes
Turn   | Place    | Note
-------+----------+-------------------------------------------
     0 | D:1      | Monsterracer the Centaur Assassin began the quest for the
                  | Orb.
     0 | D:1      | Reached XP level 1. HP: 17/17 MP: 1/1
   182 | D:1      | Reached skill level 1 in Unarmed Combat
   369 | D:2      | Noticed a scorpion
   563 | D:2      | Reached XP level 2. HP: 24/24 MP: 2/2
   895 | D:2      | HP: 11/24 [hobgoblin/club (3)]
   896 | D:2      | Reached skill level 2 in Unarmed Combat
  1880 | D:3      | Found a hazy altar of Hepliaklqana.
  1975 | D:3      | Found an ornate altar of the Wu Jian Council.
  2505 | D:2      | HP: 11/24 [worm (4)]
  2507 | D:2      | Reached XP level 3. HP: 13/29 MP: 3/3
  2993 | D:3      | Found a hide-covered altar of Uskayaw.
  3146 | D:3      | Reached skill level 3 in Unarmed Combat
  3198 | D:3      | HP: 14/29 [poisoned by an adder]
  3205 | D:3      | HP: 11/29 [poisoned by an adder]
  3213 | D:3      | HP: 8/29 [poisoned by an adder]
  3221 | D:3      | HP: 7/29 [poisoned by an adder]
  3521 | D:3      | Reached XP level 4. HP: 34/36 MP: 4/4
  3529 | D:3      | Reached skill level 4 in Unarmed Combat
  4033 | D:4      | HP: 14/36 [worker ant (6)]
  4038 | D:4      | Reached XP level 5. HP: 17/41 MP: 5/5
  4250 | D:4      | HP: 18/42 [orc/hand axe (7)]
  4255 | D:4      | HP: 14/42 [orc/mace (4)]
  4260 | D:4      | HP: 13/42 [orc/mace (2)]
  4266 | D:4      | HP: 9/42 [orc (3)]
  4556 | D:4      | Noticed Grinder
  4562 | D:4      | Paralysed by Grinder for 4 turns
  4563 | D:4      | HP: 21/42 [Grinder/nerve-wracking pain (12)]
  4892 | D:4      | Paralysed by Grinder for 6 turns
  4896 | D:4      | HP: 20/42 [Grinder (6)]
  4897 | D:4      | HP: 9/42 [Grinder/nerve-wracking pain (11)]
  5196 | D:4      | HP: 20/42 [worm (6)]
  5391 | D:4      | Noticed Edmund
  5440 | D:4      | HP: 17/42 [Edmund/flail of pain (7)]
  5509 | D:4      | HP: 13/42 [Grinder/nerve-wracking pain (10)]
  5979 | D:3      | Killed Edmund
  5979 | D:3      | Reached skill level 1 in Shields
  5979 | D:3      | Reached skill level 5 in Unarmed Combat
  5979 | D:3      | Reached XP level 6. HP: 33/50 MP: 6/6
  6289 | D:4      | Paralysed by Grinder for 2 turns
  6297 | D:4      | Paralysed by Grinder for 5 turns
  6298 | D:4      | HP: 23/51 [Grinder (4)]
  6306 | D:5      | Entered Level 5 of the Dungeon
  6592 | D:5      | Found a staircase to the Ecumenical Temple.
  6611 | Temple   | Entered the Ecumenical Temple
  6907 | Temple   | Became a worshipper of Xom the Random Number God
  7054 | D:5      | XOM: smoke on damage
  7212 | D:5      | Found a glowing golden altar of the Shining One.
  7253 | D:5      | XOM: divination: detect items
  7309 | D:5      | Found a sacrificial altar of Ru.
  7446 | D:5      | XOM: harmless Erth miscast
  7481 | D:6      | Noticed an orc warrior
  7486 | D:5      | HP: 23/51 [orc priest/flail (5)]
  7487 | D:5      | HP: 10/51 [scorpion (4)]
  7488 | D:5      | Reached skill level 6 in Unarmed Combat
  7488 | D:5      | Reached XP level 7. HP: 11/57 MP: 7/7
  7528 | D:6      | HP: 10/57 [orc warrior/mace (8)]
  7529 | D:6      | XOM: potion effect (berserk rage)
  7535 | D:6      | HP: 9/85 [orc warrior/mace (7)]
  7537 | D:6      | Slain by an orc warrior

Skill      XL: |  1  2  3  4  5  6 |
---------------+-------------------+-----
Unarmed Combat | 1 2 3 4 5 6 |  6.1
Shields        | 1 |  1.9
Fighting       | 3 |  3.5
Short Blades   | |  1.7
Throwing       | |  2.1
Dodging        | |  0.6
Stealth        | |  2.4

Action                   |  1- 3 |  4- 6 |  7- 9 || total
-------------------------+-------+-------+-------++-------
Melee: Unarmed           |   176 |   215 |     8 ||   399
       Dagger            |     7 |       |       ||     7
       Kick              |    31 |    48 |     3 ||    82
       Punch             |     1 |       |       ||     1
  Use: Scroll            |     5 |     4 |       ||     9
       Potion            |       |       |     1 ||     1
 Stab: Sleeping          |     5 |     1 |       ||     6
  Eat: Chunk             |     6 |     8 |       ||    14
       Ration            |       |     1 |       ||     1
Armor: Robe              |    61 |    56 |     2 ||   119
Dodge: Dodged            |    45 |    80 |     2 ||   127
Block: Buckler           |       |    16 |     1 ||    17

Vault maps used:
D:1:      dpeg_arrival_more_subterranean_lakeside_camping, minmay_surrounded
D:3:      grunt_temple_overflow_open, wad_floor_pattern_untrapped,
          grunt_decor_mini_mirrors, minmay_misc_feat_pillars
D:4:      first_ration, grunt_decor_one_mirror, uniq_edmund, uniq_grinder
D:5:      nicolae_overflow_crystal_walls, minmay_temple_entry_mist,
          nicolae_ru_the_path_less_chosen
D:6:      uniq_pikel
Temple:   minmay_temple_bridge_d
